 Dungeon Crawl Stone Soup version 0.29.0-4-gdea44cf6ec (webtiles) character file.

Game seed: 1852538214420576237

135 qw the Chopper (level 5, -12/30 HPs)
             Began as a Tengu Warper on Aug 29, 2022.
             Killed by divine providence
             ... invoked by an orc priest
              (13 damage)
             ... on level 4 of the Dungeon.
             The game lasted 00:01:07 (3410 turns).

qw the Chopper (Tengu Warper)                       Turns: 3410, Time: 00:01:07

Health: -12/30     AC:  5    Str: 13      XL:     5   Next: 18%
Magic:  9/9        EV: 12    Int: 13      God:
Gold:   130        SH:  0    Dex: 12 (14) Spells: 8/8 levels left

rFire   . . .      SeeInvis .   Y - +1 hand axe
rCold   + . .      Faith    .   (no shield)
rNeg    . . .      Spirit   .   e - +0 ring mail
rPois   .          Reflect  .   (helmet restricted)
rElec   .          Harm     .   (no cloak)
rCorr   .          Rampage  .   (no gloves)
Will    .....                   (boots unavailable)
Stlth   +.........              (no amulet)
HPRegen 0.10/turn               f - ring of protection from cold
MPRegen 0.11/turn               (no ring)

@: flying quickly and evasively, quick
A: beak, talons 3, nimble flight
a: no special abilities


You were on level 4 of the Dungeon.
You visited 1 branch of the dungeon, and saw 4 of its levels.

You collected 130 gold pieces.


Innate Abilities, Weirdness & Mutations

You have a beak for a mouth.
You have claws for feet.
Your magical nature lets you fly swiftly and evasively.


   Skills:
 - Level 2.0 Fighting
 + Level 5.7 Axes
 - Level 1.0 Throwing
 - Level 1.1 Armour
 - Level 2.1 Dodging
 - Level 2.0 Spellcasting
 - Level 2.4 Translocations


You had 8 spell levels left.
You didn't know any spells.
Your spell library contained the following spells:

 Spells                   Type           Power      Damage    Failure   Level
 Blink                    Tloc           14%        N/A       30%         2
 Gell's Gravitas          Tloc           7%         N/A       52%         3
 Lesser Beckoning         Tloc           7%         N/A       52%         3
 Teleport Other           Tloc           7%         N/A       52%         3
 Manifold Assault         Tloc           7%         N/A       99%         5

Inventory:

Hand Weapons
 j - a +0 flail
 Y - a +1 hand axe (weapon)
Missiles
 c - 3 javelins (quivered)
 d - 3 boomerangs
Armour
 e - a +0 ring mail (worn)
 l - a +0 scale mail
Jewellery
 f - a ring of protection from cold (left hand)
 o - an amulet of the acrobat
Scrolls
 a - a scroll of identify
 i - 2 scrolls of teleportation
Potions
 b - a potion of magic {unknown}
 g - a potion of heal wounds
 h - a potion of curing
 k - a potion of attraction {unknown}
 m - a potion of flight {unknown}
 n - a potion of might {unknown}

Dungeon Overview and Level Annotations

Branches:
Dungeon (4/15)
 Temple: D:4-7

Altars:
Ashenzari


Message History

Found a rapier.
You now have 130 gold pieces (gained 16).
An iguana comes into view.
The iguana hisses angrily.
An orc comes into view. It is wielding a +0 dagger.
3398 ||| Stepping ~*~*~tactically~*~*~ (stealth).
A goblin comes into view. It is wielding a +0 dagger.
Found a stone staircase leading down.
The goblin shouts!
An orc wizard comes into view. It is wielding a +0 dagger.
3401 ||| Stepping ~*~*~tactically~*~*~ (stealth).
The orc wizard shouts!
You hear a shout!
3403 ||| Stepping ~*~*~tactically~*~*~ (hiding).
You start waiting.
An iguana is nearby!
You hit the iguana but do no damage. The iguana barely misses you.
You closely miss the iguana. You claw the iguana. Your peck misses the iguana.
The iguana is moderately wounded.
The iguana bites you!
You completely miss the iguana. You claw the iguana.
The iguana is heavily wounded.
The iguana bites you!
You hit the iguana. You claw the iguana, but do no damage.
The iguana is severely wounded.
The iguana closely misses you.
An orc priest comes into view. It is wielding a +0 mace.
You barely miss the iguana.
The orc priest shouts!
Your kick misses the iguana.
The iguana is severely wounded.
You hear a shout! x2
The iguana barely misses you.
You hit the iguana.
The iguana is almost dead.
You hit the orc wizard but do no damage.
The iguana bites you!
The orc priest invokes the aid of Beogh against you.
Beogh smites you!
You die...

#....?.....###...
##...........#..#
#........##.#..#
#.......###...# #......##
##..# ######....### #...#
##.##........#######...##
.............#.........##
#......o@......#####.....
..(.##.##l...............
> . .o.........######.%..
##.........## #.)....
#....#....## #......
..g###....# .........
##.. ###.## ##.##.... o..
#). #. #.... ##. #. .....


You could see an iguana, an orc priest and an orc wizard.

Vanquished Creatures
  3 gnolls (D:3)
  4 adders
  2 worms
  4 dart slugs
  An orc (D:3)
  5 ball pythons
  2 endoplasms
  5 giant cockroaches (D:1)
  4 goblins
  2 hobgoblins
  3 jackals (D:2)
  2 quokkas (D:1)
  4 bats
  7 frilled lizards
  A jackal zombie (D:3)
  5 kobolds
  A quokka skeleton (D:3)
  6 rats
61 creatures vanquished.

Vanquished Creatures (others)
  A withered plant (D:3)
1 creature vanquished.

Grand Total: 62 creatures vanquished

Notes
Turn   | Place    | Note
-------+----------+-------------------------------------------
     0 | D:1      | qw the Tengu Warper began the quest for the Orb.
     0 | D:1      | Reached XP level 1. HP: 12/12 MP: 4/4
     0 | D:1      | 0 ||| qw: Version: 0.1-a-89-g26bdef1
     0 | D:1      | 0 ||| qw: Game counter: 3505
     0 | D:1      | 0 ||| qw: Always use a shield: true
     0 | D:1      | 0 ||| qw: God list: Okawaru
     0 | D:1      | 0 ||| qw: Allow faded altars: false
     0 | D:1      | 0 ||| qw: Do Orc after D:15 true
     0 | D:1      | 0 ||| qw: Do second Lair branch before Depths: true
     0 | D:1      | 0 ||| qw: Lair rune preference: random
     0 | D:1      | 0 ||| qw: Plans: Normal
     0 | D:1      | 0 ||| PLANNING D:1-11
   123 | D:1      | Reached XP level 2. HP: 17/17 MP: 6/6
   126 | D:1      | Reached skill level 3 in Axes
   274 | D:1      | 274 ||| DROPPING +0 club.
   740 | D:1      | Reached XP level 3. HP: 21/21 MP: 7/7
   902 | D:1      | 902 ||| UPGRADING to +0 ring mail.
   912 | D:1      | 912 ||| DROPPING +0 leather armour.
   913 | D:1      | 913 ||| DROPPING amulet of magic regeneration.
   914 | D:1      | 914 ||| READING scroll labelled ZIMIDU DAONGO.
   915 | D:1      | 915 ||| READING scroll labelled HEGRIHOCUMU.
   916 | D:1      | 916 ||| READING scroll labelled GININWE IFECOS.
   917 | D:1      | 917 ||| DRINKING 2 bubbling sapphire potions.
   918 | D:1      | 918 ||| DRINKING 2 bubbling cyan potions.
   919 | D:1      | 919 ||| DROPPING scroll of blinking.
   920 | D:1      | 920 ||| DROPPING potion of degeneration.
   956 | D:2      | Reached skill level 4 in Axes
  1822 | D:2      | Reached XP level 4. HP: 22/26 MP: 8/8
  1926 | D:2      | 1926 ||| READING 3 scrolls labelled LASMANANWU.
  1927 | D:2      | 1927 ||| READING scroll labelled ETEUF ADDITE.
  1928 | D:2      | 1928 ||| READING scroll labelled QANAYTEDWAT.
  1932 | D:2      | 1932 ||| READING 2 scrolls of identify.
  1932 | D:2      | 1932 ||| IDENTIFYING cyan potion
  1933 | D:2      | 1933 ||| DROPPING potion of brilliance.
  1969 | D:3      | 1969 ||| FLEEEEING.
  1971 | D:3      | 1971 ||| FLEEEEING.
  2027 | D:3      | HP: 6/26 [poisoned by an adder]
  2311 | D:3      | 2311 ||| DROPPING +0 whip.
  2562 | D:3      | Reached skill level 5 in Axes
  2799 | D:3      | 2799 ||| Stepping ~*~*~tactically~*~*~ (stealth).
  2910 | D:3      | Gained mutation: Your magical nature lets you fly swiftly
                  | and evasively. [Tengu growth]
  2910 | D:3      | Reached XP level 5. HP: 26/30 MP: 9/9
  2910 | D:3      | 2910 ||| FLEEEEING.
  2911 | D:3      | 2911 ||| Stepping ~*~*~tactically~*~*~ (stealth).
  2912 | D:3      | 2912 ||| FLEEEEING.
  2913 | D:3      | 2913 ||| FLEEEEING.
  2916 | D:3      | 2916 ||| FLEEEEING.
  2917 | D:3      | 2917 ||| FLEEEEING.
  2918 | D:3      | 2918 ||| FLEEEEING.
  2919 | D:3      | 2919 ||| FLEEEEING.
  2920 | D:3      | 2920 ||| FLEEEEING.
  2921 | D:3      | 2921 ||| FLEEEEING.
  2922 | D:3      | 2922 ||| FLEEEEING.
  2924 | D:3      | 2924 ||| FLEEEEING.
  2925 | D:3      | 2925 ||| FLEEEEING.
  2926 | D:3      | 2926 ||| FLEEEEING.
  2929 | D:3      | 2929 ||| FLEEEEING.
  2930 | D:3      | 2930 ||| FLEEEEING.
  2931 | D:3      | 2931 ||| FLEEEEING.
  2932 | D:3      | 2932 ||| FLEEEEING.
  2936 | D:3      | 2936 ||| FLEEEEING.
  2937 | D:3      | 2937 ||| FLEEEEING.
  2938 | D:3      | 2938 ||| FLEEEEING.
  2939 | D:3      | 2939 ||| FLEEEEING.
  2940 | D:3      | 2940 ||| FLEEEEING.
  2941 | D:3      | 2941 ||| FLEEEEING.
  2946 | D:3      | 2946 ||| FLEEEEING.
  2947 | D:3      | 2947 ||| FLEEEEING.
  2952 | D:3      | 2952 ||| FLEEEEING.
  2962 | D:3      | 2962 ||| STAIRDANCE
  2994 | D:2      | 2994 ||| UPGRADING to ring of protection from cold.
  2995 | D:2      | 2995 ||| READING scroll labelled BUORAF BOAKENEA.
  2996 | D:2      | 2996 ||| DRINKING 2 bubbling purple potions.
  3283 | D:4      | Found a broken altar of Ashenzari.
  3327 | D:4      | 3327 ||| Stepping ~*~*~tactically~*~*~ (hiding).
  3329 | D:4      | 3329 ||| Stepping ~*~*~tactically~*~*~ (hiding).
  3398 | D:4      | 3398 ||| Stepping ~*~*~tactically~*~*~ (stealth).
  3401 | D:4      | 3401 ||| Stepping ~*~*~tactically~*~*~ (stealth).
  3403 | D:4      | 3403 ||| Stepping ~*~*~tactically~*~*~ (hiding).
  3410 | D:4      | HP: 1/30 [iguana (8)]
  3410 | D:4      | Killed from afar by an orc priest

Levels and vault maps discovered:
D:1:      dpeg_arrival_line_fractal, layout_loops_ring
D:2:      layout_basic, serial_curves, eino_curves_04, eino_curves_04
D:3:      layout_loops_ring, serial_undead, serial_undead_e, serial_undead_e,
          serial_undead_f, serial_undead_a, st_stairs_9
D:4:      layout_rooms, lemuel_round_altar,
          nicolae_hepliaklqana_ecumenical_no_more, uniq_grinder

Skill      XL: |  1  2  3  4 |
---------------+-------------+-----
Axes           | 3 4 5 |  5.7
Fighting       | |  2.0
Throwing       | |  1.0
Armour         | |  1.1
Dodging        | |  2.1
Spellcasting   | |  2.0
Translocations | |  2.4

Action                   |  1- 3 |  4- 6 || total
-------------------------+-------+-------++-------
Melee: Hand axe          |    89 |    46 ||   135
       Peck              |    12 |     6 ||    18
       Kick              |    15 |    15 ||    30
Throw: Boomerang         |     7 |       ||     7
       Javelin           |    11 |    23 ||    34
  Use: Scroll            |     3 |     5 ||     8
       Potion            |     2 |     1 ||     3
Armor: Leather armour    |    14 |       ||    14
       Ring mail         |     9 |     7 ||    16
Dodge: Dodged            |    45 |    14 ||    59

Table legend:
 A = Non-vault XP
 B = Vault XP
 C = Vault XP percentage of total XP
 D = Non-vault monster count
 E = Vault monster count
 F = Vault count percentage of total count
                 A         B        C        D         E       F
            +---------+---------+-------+---------+---------+-------
      Total |     171 |      22 |  11.4 |      56 |       5 |   8.2
            +---------+---------+-------+---------+---------+-------
        D:1 |      36 |       0 |   0.0 |      23 |       0 |   0.0
        D:2 |      49 |       0 |   0.0 |      15 |       0 |   0.0
        D:3 |      73 |      22 |  23.2 |      13 |       5 |  27.8
        D:4 |      13 |       0 |   0.0 |       5 |       0 |   0.0
            +---------+---------+-------+---------+---------+-------
